 Dungeon Crawl Stone Soup version 0.25.1-2-g60ff931df9 (webtiles) character file.

Game seed: 3152625120926774112

55 MajorAdolf the Charmwright (level 3, 0/28 HPs)
             Began as a Naga Wanderer on Oct 7, 2020.
             Slain by a goblin
             ... wielding a +0 club
             ... led by Robin
              (5 damage)
             ... on level 1 of the Dungeon.
             The game lasted 00:02:54 (2261 turns).

MajorAdolf the Charmwright (Naga Wanderer)          Turns: 2261, Time: 00:02:55

Health: 0/28       AC:  2    Str: 10    XL:     3   Next: 93%
Magic:  4/8        EV:  9    Int: 17    God:
Gold:   90         SH:  0    Dex: 10    Spells: 6/9 levels left

rFire    . . .     SeeInvis +   f - +0 dagger
rCold    . . .     Gourm    .   (no shield)
rNeg     . . .     Faith    .   d - +0 robe
rPois    +         Spirit   .   (no helmet)
rElec    .         Reflect  .   (no cloak)
rCorr    .         Harm     .   (no gloves)
MR       .....                  (no barding)
Stlth    ++........             (no amulet)
HPRegen  0.09/turn              (no ring)
MPRegen  0.11/turn              (no ring)

@: very slow
A: large, see invisible, deformed body, poison resistance, slowness 2, slow
metabolism 1, spit poison 1, AC +1
a: Spit Poison


You were on level 1 of the Dungeon.
You were not hungry.

You visited 1 branch of the dungeon, and saw 2 of its levels.

You collected 90 gold pieces.

Inventory:

Hand Weapons
 f - a +0 dagger (weapon)
Armour
 d - a +0 robe (worn)
Scrolls
 a - a scroll of teleportation {unknown}
 b - 5 scrolls of identify {unknown}
 e - a scroll of enchant armour {unknown}
 k - a scroll of remove curse {unknown}
Potions
 i - a potion of stabbing {unknown}
 j - a potion of haste {unknown}
Comestibles
 g - 5 rations


   Skills:
 + Level 4.0 Stealth
 + Level 3.5 Spellcasting
 + Level 4.6 Charms
 + Level 1.0 Translocations


You had 6 spell levels left.
You knew the following spells:

 Your Spells              Type           Power        Failure   Level  Hunger
a - Infusion              Chrm           ###.         2%          1    None
b - Shroud of Golubria    Chrm/Tloc      ##....       8%          2    ##.....

Your spell library contained the following spells:

 Spells                   Type           Power        Failure   Level  Hunger
 Song of Slaying          Chrm           ###.....     3%          2    ##.....
 Apportation              Tloc           #.....       11%         1    None
 Ozocubu's Armour         Chrm/Ice       ##......     19%         3    ###....
 Spectral Weapon          Hex/Chrm       ##......     19%         3    ###....
 Lesser Beckoning         Tloc           #.........   32%         3    ###....


Dungeon Overview and Level Annotations

Branches:
Dungeon (2/15)

Altars:
Nemelex Xobeh

Annotations:
D:2 Robin


Innate Abilities, Weirdness & Mutations

You cannot wear boots.
Your serpentine skin is tough. (AC +1)
You have supernaturally acute eyesight. (SInv)
Armour fits poorly on your strangely shaped body.
Your system is resistant to poisons. (rPois)
You cover ground very slowly.
You have a slow metabolism.
You can spit poison.


Message History

Unknown command.
The goblin hits you with a +0 club. The hobgoblin hits you with a +0 club.
* * * LOW HITPOINT WARNING * * *
You climb upwards.
There is a stone staircase leading down here.
Unknown command.
Casting: Shroud of Golubria (safe; 8% risk of failure)
Confirm with . or Enter, or press ? or * to list all spells.
Space distorts slightly along a thin shroud covering your body.
The goblin hits you with a +0 club.
* * * LOW HITPOINT WARNING * * *
Your shroud falls apart!
The hobgoblin barely misses you.
Casting: Shroud of Golubria (safe; 8% risk of failure)
Confirm with . or Enter, or press ? or * to list all spells.
Space distorts slightly along a thin shroud covering your body.
The goblin closely misses you. The hobgoblin closely misses you.
The goblin hits you but does no damage. The goblin hits you with a +0 club.
You die...

#.######......... #...#
#......... #############.#
#......... #.............#
#.........
#.##########..####.........
#.#.#....###...............
#.....##......######.######
###.#.######.#######.#
#.#.#.(.@gg........#
#.#.#.#####.#####..######
#.#.#.# #.# ##......#
#.#.#.#####.######......#
#.#.#............#......#
#.#.#.......####.#......#
#.#.'.......# #.#......#
##.###.......# #.##.###.#
#[....รท......# #.##..##.#


You could see a hobgoblin and a goblin.

Vanquished Creatures
  An adder (D:2)
  3 dart slugs
  5 bats
  2 giant cockroaches (D:2)
  4 hobgoblins
  4 jackals (D:1)
  2 kobolds
  3 frilled lizards (D:1)
  9 goblins
  A jackal zombie (D:2)
  3 rats
37 creatures vanquished.

Notes
Turn   | Place    | Note
-------+----------+-------------------------------------------
     0 | D:1      | MajorAdolf the Naga Wanderer began the quest for the Orb.
     0 | D:1      | MajorAdolf set off with the following items: a +0 club, a
                  | potion of curing, a +0 robe, a +0 dagger, a ration; and the
                  | following spells available to memorise: Infusion, Song of
                  | Slaying, Shroud of Golubria, Apportation, Ozocubu's Armour,
                  | Spectral Weapon, Lesser Beckoning
     0 | D:1      | Reached XP level 1. HP: 15/15 MP: 4/4
     4 | D:1      | Learned a level 1 spell: Infusion
   294 | D:1      | Reached XP level 2. HP: 22/22 MP: 4/6
   779 | D:1      | Found a sparkling altar of Nemelex Xobeh.
  1261 | D:1      | Reached XP level 3. HP: 27/28 MP: 7/7
  1884 | D:2      | Learned a level 2 spell: Shroud of Golubria
  2244 | D:2      | Found a faded altar of an unknown god.
  2245 | D:2      | Noticed Robin
  2261 | D:1      | Slain by a goblin

Illustrated notes

Levels and vault maps discovered:
D:1:      minmay_arrival_cross, layout_basic, nemelex_diamond_rough_becter
D:2:      layout_basic, serial_undead, serial_undead_d, serial_undead_a,
          serial_undead_b, serial_undead_f, serial_undead_d, serial_undead_d,
          chequers_ecumenical_altar_simple_redux, uniq_terence, uniq_robin

Skill      XL: |  1  2  3 |
---------------+----------+-----
Stealth        | 4 |  4.0
Spellcasting   | |  3.5
Charms         | |  4.6
Translocations | |  1.0

Action                   || total
-------------------------++-------
Melee: Dagger            ||   130
 Cast: Infusion          ||    13
       Shroud of Golubri ||     4
  Use: Potion            ||     1
 Stab: Sleeping          ||     6
       Distracted        ||     1
  Eat: Chunk             ||     3
Armor: Robe              ||    29
Dodge: Dodged            ||    69
